 Dungeon Crawl Stone Soup version 0.28-a0-206-gc2c9e32840 (webtiles) character file.

Game seed: 8305616267422828162

10964 rabbitsville the Severer (level 11, -4/95 HPs)
             Began as a Minotaur Berserker on Aug 20, 2021.
             Was a High Priest of Trog.
             Slain by a cyan ugly thing (17 damage)
             ... on level 11 of the Dungeon.
             The game lasted 00:37:19 (12054 turns).

rabbitsville the Severer (Minotaur Berserker)      Turns: 12054, Time: 00:37:20

Health: -4/95      AC: 19    Str: 29    XL:     11   Next: 43%
Magic:  10/10      EV:  9    Int:  4    God:    Trog [*****.]
Gold:   595        SH:  5    Dex: 10    Spells: 10/10 levels left

rFire   + + +      SeeInvis .   C - +9 great mace of Sium Dof {vorpal, Contam rCorr Str+4}
rCold   + . .      Faith    .   (shield currently unavailable)
rNeg    . . .      Spirit   .   b - +0 chain mail
rPois   .          Reflect  +   (helmet restricted)
rElec   .          Harm     .   (no cloak)
rCorr   +          Rampage  .   B - +2 pair of gloves
Will    .....                   E - +2 pair of boots
Stlth   ..........              F - amulet "Amuar" {Reflect Contam rF+++ rC+ SH+5 Stlth+}
HPRegen 0.25/turn               A - ring of resist corrosion
MPRegen 0.12/turn               G - +4 ring of protection

@: no status effects
A: horns 2, retaliatory headbutt
a: Renounce Religion, Berserk, Trog's Hand, Brothers in Arms


You were on level 11 of the Dungeon.
You worshipped Trog.
Trog was extremely pleased with you.
You visited 2 branches of the dungeon, and saw 12 of its levels.
You also visited: Sewer.

You collected 595 gold pieces.

Inventory:

Hand Weapons
 C - the +9 great mace of Sium Dof (weapon) {vorpal, Contam rCorr Str+4}
   (You took it off an ogre on level 4 of the Dungeon)

   It inflicts extra damage upon your enemies.
   Str:       It affects your strength (+4).
   Contam:    It causes magical contamination when unequipped.
   rCorr:     It protects you from acid and corrosion.
Missiles
 e - 77 poisoned darts (quivered)
Armour
 b - a +0 chain mail (worn)
 B - a +2 pair of gloves (worn)
 E - a +2 pair of boots (worn)
Jewellery
 a - a +6 ring of intelligence
 f - a +6 ring of intelligence
 A - a ring of resist corrosion (left hand)
 D - a ring of fire
 F - the amulet "Amuar" (around neck) {Reflect Contam rF+++ rC+ SH+5 Stlth+}
   (You found it on level 11 of the Dungeon)

   [amulet of reflection]

   It reflects blocked missile attacks.
   rF:        It renders you almost immune to fire.
   rC:        It protects you from cold.
   Contam:    It causes magical contamination when unequipped.
   SH:        It affects your SH (+5).
   Stlth:     It makes you more stealthy.
 G - a +4 ring of protection (right hand)
Scrolls
 h - a scroll of fear {unknown}
 k - a scroll of identify
 l - 4 scrolls of teleportation
 m - a scroll of fog
 n - a scroll of summoning {unknown}
 p - a scroll of acquirement {unknown}
 q - a scroll of noise {unknown}
 v - 2 scrolls of magic mapping
 x - 2 scrolls of enchant armour {unknown}
 y - a scroll of blinking {unknown}
Potions
 c - a potion of ambrosia {unknown}
 d - 7 potions of curing
 g - 3 potions of flight
 i - a potion of haste {unknown}
 j - a potion of attraction {unknown}
 o - a potion of berserk rage
 r - a potion of heal wounds
 s - 2 potions of cancellation {unknown}
 t - a potion of degeneration {unknown}
 u - 4 potions of invisibility
 w - 3 potions of mutation {unknown}
 z - 2 potions of lignification {unknown}


   Skills:
 - Level 8.4 Fighting
 + Level 16.4(17.4) Axes
 * Level 10.5(14.6) Maces & Flails
 - Level 2.4 Armour
 - Level 2.1 Dodging
 - Level 1.0 Stealth


You had 10 spell levels left.
You didn't know any spells.
Your spell library was empty.

Dungeon Overview and Level Annotations

Branches:
Dungeon (11/15)            Temple (1/1) D:6           Sewer (visited)
   Lair: D:8-11         Orc: D:9-12

Altars:
Ashenzari
Cheibriados
Dithmenos
Elyvilon
Fedhas
Gozag
Hepliaklqana
Kikubaaqudgha
Makhleb
Nemelex Xobeh
Okawaru
Qazlal
Ru
Sif Muna
Trog
Uskayaw
Vehumet
Wu Jian
Xom
Yredelemnul
Zin
The Shining One

Portals:
Abyss: D:8

Annotations:
D:8 2 transporters, quinnr's ghost, novice TeFE


Innate Abilities, Weirdness & Mutations

You have a pair of horns on your head.
You reflexively headbutt those who attack you in melee.


Message History

* * * LOW HITPOINT WARNING * * *
The cyan ugly thing shocks you!
* * * LOW HITPOINT WARNING * * *
The cyan ugly thing engulfs you but does no damage.
The cyan ugly thing engulfs you but does no damage.
You feel yourself speed up. You block the cyan ugly thing's attack.
The cyan ugly thing engulfs you but does no damage.
Items here: (( ))) †.
The cyan ugly thing engulfs you but does no damage.
You see here a basilisk corpse.
You recover from your berserk rage.
The cyan ugly thing engulfs you but does no damage.
The cyan ugly thing completely misses you.
You furiously retaliate!
You headbutt the cyan ugly thing! The cyan ugly thing closely misses you.
You furiously retaliate!
You headbutt the cyan ugly thing.
You feel much better. The cyan ugly thing engulfs you.
The cyan ugly thing shocks you!
* * * LOW HITPOINT WARNING * * *
You sock the cyan ugly thing!
The cyan ugly thing is heavily wounded.
The cyan ugly thing engulfs you!
* * * LOW HITPOINT WARNING * * *
The cyan ugly thing shocks you!
* * * LOW HITPOINT WARNING * * *
You feel much better. The cyan ugly thing closely misses you.
You sock the cyan ugly thing!
The cyan ugly thing is severely wounded.
The cyan ugly thing engulfs you but does no damage.
You thump the cyan ugly thing!
Your headbutt misses the cyan ugly thing.
The cyan ugly thing is almost dead.
The cyan ugly thing misses you.
You barely miss the cyan ugly thing.
The cyan ugly thing is almost dead.
The cyan ugly thing engulfs you!
* * * LOW HITPOINT WARNING * * *
The cyan ugly thing shocks you!
You die...

...#..##
....#..##.#
)#(###..##.# .†##
##..##.. .##
##..##.# # ##
##..##.. .# # ###
.##..##.###.#
##§##..##..##....#
#§§§§..[##..##@#
.##§§##=##..##u.#
#..##§§###..##.###
##..##§§#.)##.##
.##..##§..##..#
..##..##.##.#.#
...##..###.##.#
###.##..#.###.#
####.##..## #.#


You could see a cyan ugly thing.

Vanquished Creatures
  2 two-headed ogres (D:8)
  A cyclops (D:11)
  Joseph (D:7)
  A gargoyle (D:6)
  The ghost of HilariousDeathArtist the Cutter, a novice HuCK of Xom (D:4)
  Psyche (D:10)
  An efreet (D:11)
  3 trolls
  Prince Ribbit (D:7)
  A shadow (D:11)
  6 yaks (D:9)
  A basilisk (D:11)
  3 steam dragons
  3 acid dragons
  2 water moccasins
  An orc warrior (D:9)
  2 ice beasts
  2 sky beasts
  A black bear (D:8)
  6 ogres
  3 necrophages
  7 centaurs
  A phantom (D:6)
  7 kobold brigands
  A bullfrog (D:7)
  A gnoll sergeant (D:8)
  A water moccasin zombie (D:6)
  A wyvern skeleton (D:7)
  13 killer bees
  7 wights
  5 howler monkeys
  3 centaur zombies
  A gnoll shaman (D:6)
  4 jellies
  6 orc priests
  A hound (D:5)
  A centaur skeleton (D:6)
  A bullfrog skeleton (D:5)
  5 iguanas
  2 orc wizards
  A killer bee zombie (D:5)
  A hound zombie (D:5)
  2 howler monkey zombies
  6 gnolls
  A river rat (Sewer)
  10 adders
  2 howler monkey skeletons
  2 white imps
  3 ufetubi (D:5)
  An adder skeleton (D:5)
  A worm (D:2)
  A dart slug (D:3)
  16 orcs
  7 ball pythons
  5 endoplasms
  5 giant cockroaches
  5 hobgoblins
  8 jackals
  9 quokkas
  6 bats
  A frilled lizard (D:3)
  10 goblins
  36 kobolds
  5 rats
  A spectral hobgoblin (D:5)
256 creatures vanquished.

Vanquished Creatures (others)
  A centaur (D:6)
  A howler monkey (D:6)
  A gnoll shaman (D:6)
  3 gnolls (D:6)
  A shadow imp (D:6)
7 creatures vanquished.

Grand Total: 263 creatures vanquished

Notes
Turn   | Place    | Note
-------+----------+-------------------------------------------
     0 | D:1      | rabbitsville the Minotaur Berserker began the quest for the
                  | Orb.
     0 | D:1      | Reached XP level 1. HP: 19/19 MP: 0/0
   416 | D:1      | Reached skill level 4 in Axes
   416 | D:1      | Reached XP level 2. HP: 27/27 MP: 1/1
   534 | D:1      | Reached ** piety under Trog
   879 | D:1      | You fall into a shaft and drop 1 floor!
   887 | D:2      | Reached XP level 3. HP: 28/34 MP: 2/2
  1107 | D:1      | Found a faded altar of an unknown god.
  1762 | D:3      | Reached skill level 5 in Axes
  1805 | D:3      | Reached XP level 4. HP: 30/41 MP: 3/3
  1967 | D:3      | Found a glowing drain.
  1978 | Sewer    | Entered a sewer
  1984 | Sewer    | Reached skill level 5 in Fighting
  2032 | Sewer    | Noticed a kobold brigand
  2041 | Sewer    | Killed a kobold brigand
  2042 | Sewer    | Reached skill level 6 in Axes
  2042 | Sewer    | Reached XP level 5. HP: 48/48 MP: 4/4
  2063 | Sewer    | Found a white marble altar of Elyvilon.
  2436 | D:4      | Found a transporter.
  2441 | D:4      | Noticed HilariousDeathArtist's ghost (novice HuCK)
  2441 | D:4      | Identified the +9 great mace of Sium Dof {vorpal, Contam
                  | rCorr Str+4}
  2441 | D:4      | Noticed an ogre
  2442 | D:4      | Noticed an ogre
  2443 | D:4      | Found a transporter.
  2444 | D:4      | Noticed an ogre
  2487 | D:4      | Noticed a necrophage
  2494 | D:4      | Killed a necrophage
  2495 | D:4      | Reached skill level 7 in Axes
  2495 | D:4      | Reached XP level 6. HP: 56/56 MP: 5/5
  2826 | D:4      | Reached skill level 8 in Axes
  2899 | D:4      | Reached *** piety under Trog
  3024 | D:4      | Reached XP level 7. HP: 44/61 MP: 6/6
  3463 | D:5      | Entered Level 5 of the Dungeon
  3527 | D:5      | Reached skill level 9 in Axes
  4094 | D:5      | Found a hazy altar of Hepliaklqana.
  4224 | D:5      | Reached skill level 10 in Axes
  4369 | D:5      | Found an ornate altar of the Wu Jian Council.
  4535 | D:6      | Reached XP level 8. HP: 50/70 MP: 7/7
  4645 | D:6      | Reached skill level 11 in Axes
  4829 | D:6      | Found a staircase to the Ecumenical Temple.
  4909 | D:6      | Reached **** piety under Trog
  5032 | D:6      | Found a shimmering altar of Xom.
  5040 | D:6      | Noticed a gargoyle
  5047 | D:6      | Killed a gargoyle
  5048 | D:6      | Reached skill level 12 in Axes
  5049 | D:6      | Reached XP level 9. HP: 70/79 MP: 8/8
  5255 | D:6      | Found an opulent altar of Gozag.
  5494 | D:6      | Reached skill level 13 in Axes
  5643 | D:7      | Noticed Prince Ribbit
  5652 | D:7      | Killed Prince Ribbit
  6303 | D:7      | Reached skill level 14 in Axes
  6649 | D:7      | Noticed Joseph
  6663 | D:7      | Killed Joseph
  6664 | D:7      | Reached skill level 1 in Stealth
  7079 | D:8      | Found a transporter.
  7272 | D:4      | Reached XP level 10. HP: 43/89 MP: 9/9
  7281 | D:4      | Killed HilariousDeathArtist's ghost
  7282 | D:4      | Reached skill level 15 in Axes
  7732 | Temple   | Entered the Ecumenical Temple
  7966 | D:8      | Reached skill level 1 in Maces & Flails
  8348 | D:8      | Found a transporter.
  8351 | D:8      | Noticed quinnr's ghost (novice TeFE)
  8357 | D:8      | Found a one-way gate to the infinite horrors of the Abyss.
  8758 | D:8      | Noticed a two-headed ogre
  8761 | D:8      | Killed a two-headed ogre
  8762 | D:8      | Reached skill level 5 in Maces & Flails
  8771 | D:8      | Noticed a two-headed ogre
  8775 | D:8      | Killed a two-headed ogre
  9557 | D:9      | Found an iron altar of Okawaru.
  9561 | D:9      | Found a blossoming altar of Fedhas.
  9564 | D:9      | Found a snail-covered altar of Cheibriados.
  9565 | D:9      | Found a glowing silver altar of Zin.
  9567 | D:9      | Found a shimmering blue altar of Sif Muna.
  9743 | D:9      | Reached skill level 16 in Axes
  9745 | D:9      | Reached XP level 11. HP: 95/95 MP: 10/10
 10587 | D:10     | Entered Level 10 of the Dungeon
 10702 | D:10     | Reached ***** piety under Trog
 11180 | D:10     | Found a bloodstained altar of Trog.
 11396 | D:10     | Noticed Psyche
 11400 | D:10     | Killed Psyche
 11639 | D:10     | Found a basalt altar of Yredelemnul.
 11840 | D:11     | Reached skill level 10 in Maces & Flails
 11985 | D:11     | Identified the amulet "Amuar" {Reflect Contam rF+++ rC+
                  | SH+5 Stlth+}
 11998 | D:11     | Noticed a cyan ugly thing
 12054 | D:11     | Slain by a cyan ugly thing

Illustrated notes

Levels and vault maps discovered:
D:1:      dpeg_chamrin_arrival_tetris, layout_basic,
          hellmonk_ecumenical_altar_run_dry
D:2:      layout_rooms
D:3:      layout_rooms, portal_sewer_entry_f
D:4:      layout_loops_ring, gammafunk_ghost_smash, kennysheep_generic_room_7
D:5:      minmay_skewed_foursquare, layout_loops_ring,
          mainiacjoe_overflow_cross_hatched,
          nicolae_hepliaklqana_monster_ancestors
D:6:      layout_basic, xom_confusion_cloud, nicolae_gozag_seed_capital,
          minmay_temple_entry_statues, st_stairs_10
D:7:      kennysheep_spiral_hall, layout_loops_cross, minmay_misc_feat_iff,
          uniq_prince_ribbit1, uniq_joseph
D:8:      layout_loops_ring, gammafunk_ghost_abyssal_escape,
          chequers_serial_rivers_large_a
D:9:      layout_stronghold, minitemple
D:10:     layout_loops_corners, mainiacjoe_overflow_alcove_1,
          lemuel_round_altar, serial_co_window_serial,
          co_window_of_opportunity_a, co_window_corner_a, co_window_corner_a,
          co_window_of_opportunity_a, co_window_paths_a, co_window_broadway_a,
          co_window_broadway_a, co_window_broadway_a,
          co_window_of_opportunity_b, co_window_corner_b, co_window_corner_b,
          glass_columns_b, glass_columns_c, glass_columns_b, uniq_psyche
D:11:     layout_roguey, david_lair_shrubbed,
          kennysheep_orc_monster_closet_entryway, serial_shops, shop_fountains,
          minmay_diamond_spiral, uniq_grum
Temple:   jpeg_temple_clearing

Skill      XL: |  1  2  3  4  5  6  7  8  9 10 11 |
---------------+----------------------------------+-----
Fighting       | 4 5 6 7 8 |  8.4
Axes           | 4 5 6 7 8 10 12 14 16 | 16.4
Stealth        | 1 |  1.0
Maces & Flails | 8 10 | 10.5
Armour         | |  2.4
Dodging        | |  2.1

Action                   |  1- 3 |  4- 6 |  7- 9 | 10-12 || total
-------------------------+-------+-------+-------+-------++-------
Melee: War axe           |    65 |    88 |   240 |    10 ||   403
       Hand axe          |     3 |       |       |       ||     3
       Headbutt          |    12 |    19 |    37 |    26 ||    94
       Great mace        |       |       |       |   165 ||   165
Invok: Berserk           |       |     2 |     6 |     6 ||    14
  Use: Potion            |       |     1 |     2 |     2 ||     5
       Scroll            |       |       |     3 |     4 ||     7
Armor: Animal skin       |    10 |       |       |       ||    10
       Ring mail         |    12 |    32 |     4 |       ||    48
       Chain mail        |       |       |   108 |   145 ||   253
       Scale mail        |       |       |     1 |       ||     1
Dodge: Dodged            |    63 |    37 |   111 |   105 ||   316
Block: Other             |       |       |       |     1 ||     1

Table legend: (Time is in decaauts)
 A = Elapsed time spent in this place.
 B = Non-inter-level travel time spent in this place.
 C = Inter-level travel time spent in this place.
 D = Time resting spent in this place.
 E = Time spent auto-exploring this place.
 F = Levels seen in this place.
 G = Mean time per level.
                   A        B        C        D        E       F      G
               +--------+--------+--------+--------+--------+-----+--------+
         Total |  12241 |  11762 |    479 |   2634 |   5765 |  13 |  941.6 |
       Dungeon |  11898 |  11436 |    462 |   2634 |   5560 |  11 | 1081.6 |
        Temple |    138 |    121 |     17 |      0 |    120 |   1 |  138.0 |
         Sewer |    204 |    204 |      0 |      0 |     85 |   1 |  204.0 |
               +--------+--------+--------+--------+--------+-----+--------+

Top non-repeatable levels by time:
     D:4: 1597 daAuts
     D:7: 1526 daAuts
     D:9: 1440 daAuts
     D:8: 1281 daAuts
     D:6: 1239 daAuts
    D:10: 1220 daAuts
     D:1: 1158 daAuts
     D:5: 1082 daAuts
     D:2: 580 daAuts
     D:3: 502 daAuts
    D:11: 268 daAuts
   Sewer: 204 daAuts
  Temple: 138 daAuts
